 Dungeon Crawl Stone Soup version 0.31.0-11-ge490571c62 (webtiles) character file.

Game seed: 3881887217852248986

52 Ofeo the Shooter (level 3, -7/29 HPs)
             Began as a Barachi Hunter on Jan 27, 2024.
             Mangled by Crazy Yiuf
             ... wielding a +3 quarterstaff of chaos
              (12 damage)
             ... on level 2 of the Dungeon.
             The game lasted 00:02:25 (1843 turns).

Ofeo the Shooter (Barachi Hunter)                   Turns: 1843, Time: 00:02:25

Health: -7/29      AC:  3    Str: 12    XL:     3   Next: 85%
Magic:  3/3        EV: 12    Int:  9    God:
Gold:   34         SH:  0    Dex: 17    Spells: 2/2 levels left

rFire   . . .        b - +4 dagger (venom)
rCold   . . .        (no shield)
rNeg    . . .        c - +0 leather armour
rPois   .            (no helmet)
rElec   .            (no cloak)
rCorr   .            (no gloves)
SInv    .            (no boots)
Will    +....        (no amulet)
Stlth   ++           j - ring of willpower
HPRegen 0.24/turn    (no ring)
MPRegen 0.08/turn

%: no passive effects
@: unable to hop, slow
A: amphibious, slowness 1, strong legs 1, +LOS
a: Hop


You were on level 2 of the Dungeon.
You visited 1 branch of the dungeon, and saw 2 of its levels.

You collected 88 gold pieces.
You spent 54 gold pieces at shops.

Inventory:

Hand Weapons
 a - a +1 heavy sling
 b - a +4 dagger of venom (weapon)
 e - a +0 shortbow
Armour
 c - a +0 leather armour (worn)
Jewellery
 j - a ring of willpower (left hand)
Scrolls
 d - a scroll of butterflies
 f - a scroll of enchant weapon
 g - 3 scrolls of fear {unknown}
 i - a scroll of identify {@r1}
Potions
 h - a potion of might {unknown}
 k - a potion of cancellation {unknown}
 q - a potion of curing {@q1}


   Skills:
 - Level 3.0 Fighting
 + Level 4.6 Ranged Weapons
 - Level 2.7 Dodging
 - Level 1.6 Stealth


You had 2 spell levels left.
You didn't know any spells.
Your spell library contained the following spells:

 Spells                   Type           Power      Damage    Failure   Level
 Volatile Blastmotes      Fire/Tloc      0%         2d10      83%         3
 Fulminant Prism          Conj/Alch      0%         3d5       99%         4
 Iskenderun's Mystic Bla  Conj/Tloc      0%         2d3       99%         4


Dungeon Overview and Level Annotations

Branches:
Dungeon (2/15)

Altars:
Dithmenos

Shops:
D:2 *

Annotations:
D:2 Crazy Yiuf


Innate Abilities, Weirdness & Mutations

You are amphibious.
You cover ground slowly.
You can hop short distances.
You have an extended range of vision and can be seen from far away.


Message History

Press: ? - help, v - describe, . - travel
Here: Crazy Yiuf, wielding a +3 quarterstaff of chaos and wearing a +2 cloak of stealth (asleep, fire blocked by a runed translucent door)
The floor.
You open the door.
You aren't carrying any items that you can evoke.
Crazy Yiuf shouts!
There is an open translucent door here.
Hop to where?
Press: ? - help, Dir - move target Boing!
Fire: a) +1 sling (heavy)
Press: ? - help, Q - select action, (/) - cycle Shift-Dir - straight line, f - Crazy Yiuf
Aim: Crazy Yiuf, wielding a +3 quarterstaff of chaos and wearing a +2 cloak of stealth (sparse dust, 65% to hit)
You shoot a sling bullet.
The sling bullet closely misses Crazy Yiuf.
Fire: a) +1 sling (heavy)
Press: ? - help, Q - select action, (/) - cycle Shift-Dir - straight line, f/p - Crazy Yiuf
Aim: Crazy Yiuf, wielding a +3 quarterstaff of chaos and wearing a +2 cloak of stealth (65% to hit)
You shoot a sling bullet.
The sling bullet closely misses Crazy Yiuf.
Crazy Yiuf waves his quarterstaff at you.
Your +4 dagger of venom begins to drip with poison!
b - a +4 dagger of venom (weapon)
You barely miss Crazy Yiuf. Crazy Yiuf barely misses you.
You closely miss Crazy Yiuf.
Crazy Yiuf cries, "You leg down broken song, no?"
Crazy Yiuf hits you with a +3 quarterstaff of chaos.
You take 6 damage, and have 23/29 hp.
MASSIVE DAMAGE!!
You hit Crazy Yiuf but do no damage.
Crazy Yiuf is poisoned.
Crazy Yiuf misses you.
You hit Crazy Yiuf.
Crazy Yiuf looks as sick as possible!
Crazy Yiuf is lightly wounded.
Crazy Yiuf hits you with a +3 quarterstaff of chaos!
You are electrocuted!
* * * LOW HITPOINT WARNING * * *
You take 19 damage, and have 5/29 hp.
MASSIVE DAMAGE!!
You hit Crazy Yiuf.
Crazy Yiuf looks as sick as possible!
Crazy Yiuf is heavily wounded.
Crazy Yiuf hits you with a +3 quarterstaff of chaos!
You die...

#####
##...######
########
#)@)......#
.......#####
##)g######.###
####.......#
#))))# #....#
#.#.#####
♣))))♣ ####.#
###.#.# ♣.))♣♣
#.#### #...#.#
♣♣.♣♣
####....#
#.###.# ♣.♣♣
#....##.# #.#
#.# ♣♣.♣
#######.###
##.###.# ♣.♣♣
#.....#


You could see Crazy Yiuf (extremely poisoned).

Vanquished Creatures
  An adder (D:2)
  A dart slug (D:2)
  A ribbon worm (D:2)
  3 bats (D:1)
  7 endoplasms
  3 giant cockroaches (D:1)
  3 hobgoblins
  3 quokkas
  A ball python (D:1)
  3 frilled lizards
  A goblin (D:1)
  4 kobolds
  3 rats
34 creatures vanquished.

Notes
Turn   | Place    | Note
-------+----------+-------------------------------------------
     0 | D:1      | Ofeo the Barachi Hunter began the quest for the Orb.
     0 | D:1      | Reached XP level 1. HP: 17/17 MP: 1/1
    83 | D:1      | Reached skill level 1 in Stealth
   211 | D:1      | Reached XP level 2. HP: 23/23 MP: 2/2
   825 | D:2      | Reached XP level 3. HP: 18/29 MP: 3/3
   934 | D:2      | Found a shadowy altar of Dithmenos.
   996 | D:2      | Found Myott's Assorted Antiques.
  1005 | D:2      | Bought a scroll labelled FOMPOT GIFYE for 27 gold pieces
  1005 | D:2      | Bought a scroll labelled UJAMEPL UGIU for 27 gold pieces
  1824 | D:2      | Found a runed translucent door.
  1825 | D:2      | Noticed Crazy Yiuf
  1843 | D:2      | Mangled by Crazy Yiuf

Illustrated notes

Levels and vault maps discovered:
D:1:      dpeg_arrival_snail, layout_loops_ring
D:2:      layout_loops_corners, basic_altar, serial_shops, shop,
          uniq_crazy_yiuf_cottage

Skill      XL: |  1  2 |
---------------+-------+-----
Stealth        | 1 |  1.6
Fighting       | 3 |  3.0
Ranged Weapons | |  4.6
Dodging        | |  2.7

Action                     || total
---------------------------++-------
  Melee: Dagger            ||     5
   Fire: Shortbow          ||    54
         Sling             ||    34
Ability: Hop               ||     1
    Use: Scroll            ||     5
 Armour: Leather armour    ||    21
  Dodge: Dodged            ||    25
